 Dungeon Crawl Stone Soup version 0.27-a0-1188-g73eefd5def (webtiles) character file.

Game seed: 2164977250763257611

191 Ijustatesigmund the Chopper (level 5, -1/48 HPs)
             Began as a Hill Orc Fighter on May 20, 2021.
             Slain by a gnoll
             ... wielding a +0 spear
              (4 damage)
             ... on level 3 of the Dungeon on May 21, 2021.
             The game lasted 00:05:44 (2967 turns).

Ijustatesigmund the Chopper (Hill Orc Fighter)      Turns: 2967, Time: 00:05:45

Health: -1/48      AC:  7    Str: 19    XL:     5   Next: 70%
Magic:  5/5        EV:  7    Int:  8    God:
Gold:   94         SH:  9    Dex: 11    Spells: 4/4 levels left

rFire    . . .     SeeInvis .   a - +1 broad axe (vorpal)
rCold    + . .     Faith    .   c - +0 kite shield
rNeg     . . .     Spirit   .   b - +0 scale mail
rPois    .         Reflect  .   (no helmet)
rElec    .         Harm     .   (no cloak)
rCorr    .         Rampage  .   (no gloves)
Will     +....                  (no boots)
Stlth    ..........             (no amulet)
HPRegen  0.16/turn              g - ring of willpower
MPRegen  0.09/turn              h - ring of protection from cold

@: hasted, very quick
A: no striking features
a: no special abilities


You were on level 3 of the Dungeon.
You visited 1 branch of the dungeon, and saw 3 of its levels.

You collected 94 gold pieces.

Inventory:

Hand Weapons
 a - a +1 vorpal broad axe (weapon)
Armour
 b - a +0 scale mail (worn)
 c - a +0 kite shield (worn)
Jewellery
 e - a +6 ring of strength
 g - a ring of willpower (left hand)
 h - a ring of protection from cold (right hand)
Potions
 d - a potion of might
 f - a potion of ambrosia
 i - a potion of heal wounds {unknown}
 j - a potion of haste


   Skills:
 + Level 5.1 Fighting
 + Level 5.3 Axes
 + Level 4.4 Armour
 - Level 3.2 Shields


You had 4 spell levels left.
You didn't know any spells.
Your spell library was empty.

Dungeon Overview and Level Annotations

Branches:
Dungeon (3/15)

Altars:
Makhleb


Message History

* * * LOW HITPOINT WARNING * * *
The hound bites you but does no damage.
The hound pauses to sniff the ground.
You slash the hound!
The hound is severely wounded.
The hound bites you.
* * * LOW HITPOINT WARNING * * *
You miss the hound.
The hound is severely wounded.
You block the hound's attack. x2; The gnoll hits you but does no damage.
The hound barely misses you.
You see here a ball python corpse.
You hit the hound.
The hound is almost dead.
You block the hound's attack.
You closely miss the hound.
The hound is almost dead.
The hound barely misses you.
An orc comes into view. It is wielding a +0 club.
The hound barely misses you.
The orc shouts!
You slash the hound!
You kill the hound!
You hear a shout!
An orc comes into view. It is wielding a +0 flail.
An orc comes into view. It is wielding a +0 trident.
The orc shouts!
You closely miss the orc. You slash the orc!
You kill the orc!
The orc hits you with a +0 club.
* * * LOW HITPOINT WARNING * * *
The gnoll hits you but does no damage. You block the orc's attack.
You closely miss the orc. You block the orc's attack.
The gnoll hits you from afar with a +0 spear.
* * * LOW HITPOINT WARNING * * *
The orc hits you from afar with a +0 trident.
* * * LOW HITPOINT WARNING * * *
You closely miss the orc. You block the orc's attack.
The gnoll hits you from afar with a +0 spear.
You die...

.....#### #.### #.# .........
#.# #.# .#+###### #)#
#.########## .#.# ##.##
#........... .#.# #...#
#........... .#.#### #...#
#........... ......# #.o.#
#...........
......#######..)####...........
......†........o@†g..##........
######.################.#######
#..<...........# #.#
#.############.# #g### .... #.#
#...# ####. #.###.#.#### ##
#.##.......# #.##..P.P..#
###############.#####'####


You could see a gnoll and 2 orcs.

Vanquished Creatures
  2 hounds (D:3)
  4 gnolls
  An adder (D:2)
  A worm (D:2)
  2 dart slugs
  An orc (D:3)
  7 ball pythons
  An endoplasm (D:1)
  4 giant cockroaches
  10 goblins
  4 hobgoblins
  15 jackals
  6 kobolds
  3 quokkas
  2 bats
  6 frilled lizards
  2 rats
71 creatures vanquished.

Notes
Turn   | Place    | Note
-------+----------+-------------------------------------------
     0 | D:1      | Ijustatesigmund the Hill Orc Fighter began the quest for
                  | the Orb.
     0 | D:1      | Reached XP level 1. HP: 19/19 MP: 1/1
   106 | D:1      | Reached XP level 2. HP: 21/27 MP: 2/2
   583 | D:1      | Reached XP level 3. HP: 33/33 MP: 3/3
   899 | D:1      | Upgraded the game from 0.27-a0-1187-ge80a49f48c to
                  | 0.27-a0-1188-g73eefd5def
  1449 | D:2      | Reached XP level 4. HP: 21/41 MP: 4/4
  1950 | D:2      | Identified a scroll of acquirement
  1950 | D:2      | Acquired a +1 vorpal broad axe
  2131 | D:2      | Reached XP level 5. HP: 47/47 MP: 5/5
  2702 | D:3      | Reached skill level 5 in Axes
  2892 | D:3      | Found a burning altar of Makhleb.
  2941 | D:3      | Reached skill level 5 in Fighting
  2967 | D:3      | Slain by a gnoll

Illustrated notes

Levels and vault maps discovered:
D:1:      moated_graveyard_arrival, layout_basic, chequers_serial_rivers_micro_d
D:2:      layout_basic, minmay_unequal
D:3:      layout_basic, general_overflow_altar, grunt_ministairs_14,
          cheibrodos_gnoll_hut

Skill      XL: |  1  2  3  4  5 |
---------------+----------------+-----
Axes           | 3 4 5 |  5.3
Fighting       | 4 5 |  5.1
Armour         | 4 |  4.4
Shields        | |  3.2

Action                   |  1- 3 |  4- 6 || total
-------------------------+-------+-------++-------
Melee: War axe           |    96 |    23 ||   119
       Broad axe         |       |    48 ||    48
  Use: Scroll            |     2 |     2 ||     4
       Potion            |       |     1 ||     1
Armor: Scale mail        |    53 |    36 ||    89
Dodge: Dodged            |    26 |    30 ||    56
Block: Kite shield       |    46 |    56 ||   102

Table legend: (Time is in decaauts)
 A = Elapsed time spent in this place.
 B = Non-inter-level travel time spent in this place.
 C = Inter-level travel time spent in this place.
 D = Time resting spent in this place.
 E = Time spent auto-exploring this place.
 F = Levels seen in this place.
 G = Mean time per level.
                   A        B        C        D        E       F      G
               +--------+--------+--------+--------+--------+-----+--------+
         Total |   3049 |   2993 |     56 |    447 |   2096 |   3 | 1016.3 |
       Dungeon |   3049 |   2993 |     56 |    447 |   2096 |   3 | 1016.3 |
               +--------+--------+--------+--------+--------+-----+--------+

Top non-repeatable levels by time:
     D:1: 1429 daAuts
     D:2: 1243 daAuts
     D:3: 376 daAuts
